[Event "FRA-chTW Top 12 2019"]
[Site "Vandoeuvre"]
[Date "2019.05.03"]
[Round "2.4"]
[White "Gras, Delphine"]
[Black "Bauer, Alexandra"]
[Result "1-0"]
[ECO "B44"]
[WhiteElo "1835"]
[BlackElo "1349"]
[Annotator "NA"]
[PlyCount "91"]
[EventDate "2019.05.02"]
[EventType "team-tourn"]
[EventCountry "FRA"]
[SourceTitle "playchess.com"]
[Source "ChessBase"]
[SourceQuality "1"]
[TimeControl "40/5400+30:1800+30"]

1. e4 c5 2. Nf3 Nc6 3. d4 cxd4 4. Nxd4 e6 5. Be3 Nf6 6. Nd2 a6 7. a4 Be7 8. Be2 O-O 9. O-O Qc7 10. c3 d5 11. Nxc6 bxc6 12. exd5 cxd5 13. Rc1 a5 14. b4 Bd7 15. Qb3 Rfb8 16. b5 Bc5 17. Bg5 Qe5 18. Bxf6 Qxe2 19. Bg5 h6 20. Bf4 Rb6 21. Rc2 Qg4 22. Bg3 Rc8 23. c4 Qf5 24. Nf3 dxc4 25. Rxc4 Bc6 26. Qc3 Be4 27. Rc1 Bxf2+ 28. Bxf2 Rxc4 29. Qxc4 Rb7 30. Nh4 Qd5 31. Qc3 Qd8 32. b6 Qd5 33. Bd4 Qg5 34. Bf2 Bd5 35. Qb2 Qf4 36. Rc8+ Kh7 37. Qc3 Qxa4 38. h3 Qe4 39. Qxa5 g5 40. Nf3 Qf5 41. Rc7 Qb1+ 42. Kh2 Qb2 43. Rxb7 Bxb7 44. Qa7 Qxf2 45. Qxb7 Kg7 46. Qc7 1-0

[Event "FRA-chTW Top 12 2019"]
[Site "Vandoeuvre"]
[Date "2019.05.03"]
[Round "2.5"]
[White "Savina, Anastasia"]
[Black "Shvayger, Yuliya"]
[Result "1/2-1/2"]
[ECO "D35"]
[WhiteElo "2353"]
[BlackElo "2373"]
[Annotator "NA"]
[PlyCount "57"]
[EventDate "2019.05.02"]
[EventType "team-tourn"]
[EventCountry "FRA"]
[SourceTitle "playchess.com"]
[Source "ChessBase"]
[SourceQuality "1"]
[TimeControl "40/5400+30:1800+30"]

1. d4 Nf6 2. c4 e6 3. Nf3 d5 4. Nc3 Nbd7 5. cxd5 exd5 6. Bf4 c6 7. e3 Nh5 8. Bd3 Nxf4 9. exf4 Bd6 10. Ne5 Qe7 11. O-O O-O 12. Re1 Qf6 13. Qf3 Qh6 14. h3 f6 15. Nxd7 Bxd7 16. Nxd5 $11 Kh8 17. Nc3 Qxf4 18. Qxf4 Bxf4 19. d5 Be5 20. dxc6 Bxc6 21. Be4 Rac8 22. Rad1 Bxc3 23. bxc3 Bxe4 24. Rxe4 Rxc3 25. Re7 Ra3 26. Rxb7 Rxa2 27. Rdd7 Rg8 28. Rxa7 Rxa7 29. Rxa7 1/2-1/2

[Event "FRA-chTW Top 12 2019"]
[Site "Vandoeuvre"]
[Date "2019.05.03"]
[Round "2.6"]
[White "Le Du, Maelle"]
[Black "Bismuth, Lea"]
[Result "0-1"]
[ECO "A46"]
[WhiteElo "1673"]
[BlackElo "1956"]
[Annotator "NA"]
[PlyCount "90"]
[EventDate "2019.05.02"]
[EventType "team-tourn"]
[EventCountry "FRA"]
[SourceTitle "playchess.com"]
[Source "ChessBase"]
[SourceQuality "1"]
[TimeControl "40/5400+30:1800+30"]

1. d4 Nf6 2. Nf3 g6 3. e3 Bg7 4. Bd3 c5 5. O-O cxd4 6. exd4 O-O 7. c3 Nc6 8. Bg5 d6 9. Re1 Re8 10. Nbd2 Qc7 11. Re2 Bd7 12. Qc2 Rac8 13. Rae1 Kf8 14. a3 e5 15. dxe5 dxe5 16. h3 Nd5 17. g4 f6 18. Be3 Nce7 19. Nh4 Nxe3 20. Rxe3 Nd5 21. Re4 Nf4 22. R1e3 Bc6 23. Rc4 Qd6 24. Ne4 Qe7 25. Ng2 b5 26. Rc5 Nxg2 27. Kxg2 Bxe4+ 28. Rxe4 Qxc5 29. Qe2 a6 30. c4 bxc4 31. Bxc4 a5 32. Kg3 Red8 33. b4 axb4 34. axb4 Qxb4 35. Be6 Rc3+ 36. f3 Qa3 37. Bc4 Qc1 38. Kh4 f5 39. gxf5 gxf5 40. Qa2 fxe4 41. Bg8 Qf4+ 42. Kh5 Qf5+ 43. Kh4 Rxf3 44. Qf7+ Qxf7 45. Bxf7 Kxf7 0-1

[Event "FRA-chTW Top 12 2019"]
[Site "Vandoeuvre"]
[Date "2019.05.03"]
[Round "2.6"]
[White "Gospodaru, Teodora"]
[Black "Thomas, Anysia"]
[Result "1/2-1/2"]
[ECO "D91"]
[WhiteElo "1434"]
[BlackElo "2178"]
[Annotator "NA"]
[PlyCount "146"]
[EventDate "2019.05.02"]
[EventType "team-tourn"]
[EventCountry "FRA"]
[SourceTitle "playchess.com"]
[Source "ChessBase"]
[SourceQuality "1"]
[TimeControl "40/5400+30:1800+30"]

1. d4 Nf6 2. c4 g6 3. Nf3 Bg7 4. Nc3 d5 5. Bg5 Ne4 6. cxd5 Nxg5 7. Nxg5 e6 8. Nf3 exd5 9. e3 O-O 10. Bd3 c6 11. O-O Be6 12. Qe2 Nd7 13. Rac1 Re8 14. h3 Qf6 15. b4 Qe7 16. Rb1 Rac8 17. Rfc1 Qf6 18. a4 Bf5 19. b5 Nb6 20. a5 Nc4 21. a6 bxa6 22. bxa6 Bxd3 23. Qxd3 Rb8 24. Na4 Rb5 25. Nc5 Qd6 26. Nd2 Nxd2 27. Qxd2 Bf8 28. Rxb5 cxb5 29. Qa5 b4 30. Qxb4 Rc8 31. Rb1 Qc6 32. Qb7 Bxc5 33. Rc1 Qxb7 34. axb7 Rb8 35. Rxc5 Rxb7 36. Rxd5 Kf8 37. Kf1 Ke7 38. Ke2 Rb2+ 39. Kf3 Ra2 40. g3 a5 41. Ke4 a4 42. Ra5 Rxf2 43. Rxa4 Rg2 44. Kf3 Rg1 45. Ra5 Rf1+ 46. Ke2 Rg1 47. Kf2 Rd1 48. h4 h5 49. Rg5 Ke6 50. Ke2 Ra1 51. Rc5 Rg1 52. Kf2 Rd1 53. Re5+ Kd6 54. Rg5 Ke6 55. Kf3 Rf1+ 56. Ke4 f5+ 57. Kd3 Kf6 58. d5 Rd1+ 59. Kc4 Rc1+ 60. Kd4 Rd1+ 61. Kc5 Rc1+ 62. Kb6 Rb1+ 63. Kc7 Rc1+ 64. Kd7 Re1 65. d6 Rxe3 66. Kc7 Rc3+ 67. Kd8 Kf7 68. Kd7 Rc5 69. Kd8 Rc6 70. Kd7 Rc5 71. Kd8 Rc6 72. Kd7 Rc5 73. Kd8 Rc6 1/2-1/2

[Event "FRA-chTW Top 12 2019"]
[Site "Vandoeuvre"]
[Date "2019.05.03"]
[Round "2.7"]
[White "Steil-Antoni, Fiona"]
[Black "Klipper, Noemie"]
[Result "1-0"]
[ECO "B23"]
[WhiteElo "2156"]
[BlackElo "1816"]
[Annotator "NA"]
[PlyCount "55"]
[EventDate "2019.05.02"]
[EventType "team-tourn"]
[EventCountry "FRA"]
[SourceTitle "playchess.com"]
[Source "ChessBase"]
[SourceQuality "1"]
[TimeControl "40/5400+30:1800+30"]

1. e4 c5 2. Nc3 g6 3. f4 Nc6 4. Nf3 Bg7 5. Bb5 e6 6. Bxc6 bxc6 7. O-O d5 8. d3 Ne7 9. Rb1 O-O 10. Na4 Qa5 11. b3 dxe4 12. dxe4 c4 13. Qe1 Qa6 14. Be3 cxb3 15. cxb3 c5 16. Nxc5 Qb5 17. Rd1 Nc6 18. e5 Nb4 19. Qh4 Nd5 20. Bf2 Ba6 21. Rfe1 Rac8 22. Ne4 f5 23. Neg5 h6 24. Nxe6 Rf7 25. Nxg7 Kxg7 26. e6 Rff8 27. Bd4+ Kh7 28. Ng5+ 1-0

[Event "FRA-chTW Top 12 2019"]
[Site "Vandoeuvre"]
[Date "2019.05.03"]
[Round "2.7"]
[White "Marin Benito, Carla"]
[Black "Hamelin, Isabelle"]
[Result "0-1"]
[ECO "C26"]
[WhiteElo "1978"]
[BlackElo "1609"]
[Annotator "NA"]
[PlyCount "135"]
[EventDate "2019.05.02"]
[EventType "team-tourn"]
[EventCountry "FRA"]
[SourceTitle "playchess.com"]
[Source "ChessBase"]
[SourceQuality "1"]
[TimeControl "40/5400+30:1800+30"]

1. e4 e5 2. Nc3 Nc6 3. g3 Nf6 4. Bg2 d6 5. d3 Be6 6. Be3 Qd7 7. h3 d5 8. Bd2 dxe4 9. dxe4 O-O-O 10. Nf3 Bb4 11. Qe2 Nd4 12. Nxd4 Qxd4 13. O-O-O Qc4 14. Qxc4 Bxc4 15. a3 Bc5 16. f4 Bd4 17. Nb1 exf4 18. gxf4 Nh5 19. Bf3 Ng3 20. Rh2 h5 21. h4 Rhe8 22. Re1 Nf1 23. Rg2 g6 24. Be2 Nxd2 25. Nxd2 Bxb2+ 26. Kxb2 Rxd2 27. Bg4+ Rd7 28. Bxd7+ Kxd7 29. Rd2+ Kc8 30. Kc3 Be6 31. Rd4 Rd8 32. Red1 Rxd4 33. Rxd4 c6 34. Ra4 a6 35. Kd4 Kd7 36. Ke5 Ke7 37. Rb4 Bc8 38. Rb1 f6+ 39. Kd4 Kd6 40. c3 c5+ 41. Ke3 b5 42. Rd1+ Ke7 43. Rd5 c4 44. Kd4 Be6 45. Rc5 Kd7 46. e5 f5 47. Ke3 Bf7 48. e6+ Bxe6 49. Re5 Kd6 50. Kd4 Bf7 51. Re1 Be6 52. Re2 Bf7 53. Re5 Be6 54. a4 Bd7 55. Rd5+ Kc6 56. axb5+ axb5 57. Rxd7 Kxd7 58. Kc5 g5 59. fxg5 f4 60. Kd4 Ke6 61. Ke4 b4 62. cxb4 c3 63. Kd3 f3 64. b5 f2 65. Ke2 c2 66. b6 c1=Q 67. Kxf2 Qc5+ 68. Ke1 0-1

[Event "FRA-chTW Top 12 2019"]
[Site "Vandoeuvre"]
[Date "2019.05.03"]
[Round "2.8"]
[White "Saliou, Sarah"]
[Black "Choisy, Mathilde"]
[Result "1/2-1/2"]
[ECO "A25"]
[WhiteElo "1696"]
[BlackElo "2113"]
[Annotator "NA"]
[PlyCount "56"]
[EventDate "2019.05.02"]
[EventType "team-tourn"]
[EventCountry "FRA"]
[SourceTitle "playchess.com"]
[Source "ChessBase"]
[SourceQuality "1"]
[TimeControl "40/5400+30:1800+30"]

1. c4 e5 2. g3 Nc6 3. Bg2 g6 4. Nc3 Bg7 5. e3 d6 6. Nge2 Nh6 7. d3 O-O 8. Rb1 a5 9. a3 Be6 10. b4 axb4 11. axb4 Rb8 12. b5 Ne7 13. Nd5 Qd7 14. O-O Nxd5 15. cxd5 Bh3 16. Ba3 b6 17. Rb4 Bxg2 18. Kxg2 Rbe8 19. e4 f5 20. f4 Ng4 21. Bc1 Nf6 22. Qc2 Rf7 23. fxe5 dxe5 24. Qc6 Qxc6 25. bxc6 Bf8 26. Ra4 fxe4 27. dxe4 b5 28. Ra7 Bd6 1/2-1/2

[Event "FRA-chTW Top 12 2019"]
[Site "Vandoeuvre"]
[Date "2019.05.03"]
[Round "2.8"]
[White "Gromas, Hermine"]
[Black "Aggoune, Liza"]
[Result "0-1"]
[ECO "D02"]
[WhiteElo "1476"]
[BlackElo "1769"]
[Annotator "NA"]
[PlyCount "84"]
[EventDate "2019.05.02"]
[EventType "team-tourn"]
[EventCountry "FRA"]
[SourceTitle "playchess.com"]
[Source "ChessBase"]
[SourceQuality "1"]
[TimeControl "40/5400+30:1800+30"]

1. d4 d5 2. c4 c6 3. Nc3 e6 4. cxd5 exd5 5. Bf4 Nf6 6. e3 Bf5 7. Nf3 Nbd7 8. Be2 Be7 9. O-O O-O 10. h3 Re8 11. Rc1 Ne4 12. Bd3 Ndf6 13. Qe2 Qd7 14. Rfd1 Rad8 15. Ne5 Qe6 16. Na4 Nd7 17. Nxd7 Qxd7 18. a3 Nf6 19. Bxf5 Qxf5 20. b4 Rc8 21. Nc5 Bxc5 22. bxc5 Qxf4 23. Qb2 Qc7 24. Rb1 Rb8 25. Rd3 Nd7 26. Rb3 b6 27. cxb6 Rxb6 28. Rxb6 axb6 29. Rc1 Rb8 30. Qa2 Qd6 31. a4 Ra8 32. Qc2 c5 33. dxc5 Nxc5 34. Ra1 Qc6 35. Qd1 Rxa4 36. Rc1 Ra8 37. Rc2 Qe6 38. Rd2 Rd8 39. Rd4 Nb7 40. e4 Qd6 41. exd5 Nc5 42. Rd3 Nxd3 0-1

[Event "FRA-chTW Top 12 2019"]
[Site "Vandoeuvre"]
[Date "2019.05.03"]
[Round "2.10"]
[White "Belluire, Beatrice"]
[Black "Frisk, Ellinor"]
[Result "1/2-1/2"]
[ECO "B27"]
[WhiteElo "1913"]
[BlackElo "2262"]
[Annotator "NA"]
[PlyCount "68"]
[EventDate "2019.05.02"]
[EventType "team-tourn"]
[EventCountry "FRA"]
[SourceTitle "playchess.com"]
[Source "ChessBase"]
[SourceQuality "1"]
[TimeControl "40/5400+30:1800+30"]

1. e4 c5 2. Nf3 g6 3. d4 cxd4 4. Qxd4 Nf6 5. e5 Nc6 6. Qa4 Nd5 7. Qe4 Nc7 8. Bc4 Bg7 9. Nc3 b5 10. Bb3 O-O 11. Bf4 Bb7 12. h4 Na5 13. Qd3 Nxb3 14. axb3 Ne6 15. Bg3 b4 16. Ne4 d6 17. exd6 Bxb2 18. Rd1 Bxe4 19. Qxe4 Bc3+ 20. Kf1 exd6 21. Rxd6 Qe7 22. Kg1 Rad8 23. Rxd8 Rxd8 24. h5 Rd1+ 25. Kh2 Rxh1+ 26. Kxh1 Qc5 27. hxg6 hxg6 28. Ne5 Qd4 29. Qf3 Ng5 30. Qf6 Qd1+ 31. Kh2 Qh5+ 32. Kg1 Qd1+ 33. Kh2 Qh5+ 34. Kg1 Qd1+ 1/2-1/2

[Event "FRA-chTW Top 12 2019"]
[Site "Vandoeuvre"]
[Date "2019.05.03"]
[Round "2.11"]
[White "Richard, Emma"]
[Black "Nicolas, Gabrielle"]
[Result "1-0"]
[ECO "C05"]
[WhiteElo "2120"]
[BlackElo "1733"]
[Annotator "NA"]
[PlyCount "129"]
[EventDate "2019.05.02"]
[EventType "team-tourn"]
[EventCountry "FRA"]
[SourceTitle "playchess.com"]
[Source "ChessBase"]
[SourceQuality "1"]
[TimeControl "40/5400+30:1800+30"]

1. e4 e6 2. d4 d5 3. Nd2 Nf6 4. e5 Nfd7 5. f4 c5 6. Ngf3 Nc6 7. Nb3 Be7 8. dxc5 Nxc5 9. Be3 b6 10. Bb5 Bd7 11. Bxc6 Bxc6 12. Nbd4 Rc8 13. O-O Qd7 14. Nxc6 Qxc6 15. f5 Qc7 16. fxe6 fxe6 17. Nd4 Qxe5 18. Qe2 Bf6 19. Qb5+ Nd7 20. Rae1 Qd6 21. Nxe6 Kf7 22. Ng5+ Kg8 23. Qa4 h6 24. Nf3 Kh7 25. c3 Nc5 26. Qg4 Rhf8 27. Bf4 Qd8 28. Ne5 Bxe5 29. Bxe5 Qd7 30. Qxd7 Nxd7 31. Bd4 Kg8 32. Re7 Rxf1+ 33. Kxf1 Rf8+ 34. Ke2 Rf7 35. Rxf7 Kxf7 36. Kd3 g6 37. b4 a6 38. a4 b5 39. a5 Ke6 40. Bg7 h5 41. Kd4 Kd6 42. Bh6 Nf6 43. Bf4+ Ke6 44. Bh6 Kd6 45. Bf8+ Ke6 46. Bg7 Nd7 47. Bh6 Kd6 48. Bf4+ Ke6 49. Bc7 Nf6 50. Kc5 Ne4+ 51. Kb6 Nxc3 52. Kxa6 d4 53. Kb7 Nd5 54. a6 d3 55. a7 d2 56. a8=Q d1=Q 57. Qe8+ Ne7 58. Qxb5 Qe1 59. Qa6+ Kf7 60. Qc4+ Ke8 61. Bd6 Qf2 62. Qe4 Qf6 63. Qxe7+ Qxe7+ 64. Bxe7 Kxe7 65. Kc7 1-0

[Event "FRA-chTW Top 12 2019"]
[Site "Vandoeuvre"]
[Date "2019.05.03"]
[Round "2.11"]
[White "Moingt, Anne"]
[Black "Leconte, Maria"]
[Result "1/2-1/2"]
[ECO "B50"]
[WhiteElo "2042"]
[BlackElo "2246"]
[Annotator "NA"]
[PlyCount "86"]
[EventDate "2019.05.02"]
[EventType "team-tourn"]
[EventCountry "FRA"]
[SourceTitle "playchess.com"]
[Source "ChessBase"]
[SourceQuality "1"]
[TimeControl "40/5400+30:1800+30"]

1. e4 c5 2. Nf3 d6 3. c3 Nf6 4. Bd3 g6 5. h3 Bg7 6. Bc2 O-O 7. O-O Nc6 8. a3 e5 9. d4 Qc7 10. dxc5 dxc5 11. Qe2 Nh5 12. Rd1 b6 13. Be3 Bb7 14. a4 a6 15. Na3 Rad8 16. Nc4 Rfe8 17. Rxd8 Rxd8 18. Rd1 Nf4 19. Qf1 Ne6 20. Ng5 Bc8 21. Bb3 h6 22. Nf3 Nf4 23. Rxd8+ Nxd8 24. Qd1 Be6 25. Na3 Nb7 26. Bxe6 fxe6 27. Qb3 Na5 28. Qd1 c4 29. Ne1 Bf8 30. Qg4 Kf7 31. g3 Nh5 32. Nac2 Nc6 33. Ng2 Nf6 34. Qe2 b5 35. axb5 axb5 36. f3 Na5 37. Qd1 Nb3 38. Nge1 Bc5 39. Kf2 Qd7 40. Qxd7+ Nxd7 41. Bxc5 Ndxc5 42. Na3 Na4 43. Nxb5 Nxb2 1/2-1/2

[Event "FRA-chTW Top 12 2019"]
[Site "Vandoeuvre"]
[Date "2019.05.03"]
[Round "2.12"]
[White "Dornbusch, Tatiana"]
[Black "Flear, Christine"]
[Result "1-0"]
[ECO "A50"]
[WhiteElo "2285"]
[BlackElo "2037"]
[Annotator "NA"]
[PlyCount "53"]
[EventDate "2019.05.02"]
[EventType "team-tourn"]
[EventCountry "FRA"]
[SourceTitle "playchess.com"]
[Source "ChessBase"]
[SourceQuality "1"]
[TimeControl "40/5400+30:1800+30"]

1. d4 Nf6 2. Nf3 b6 3. g3 Bb7 4. Bg2 g6 5. c4 Bg7 6. O-O O-O 7. Nc3 Ne4 8. Bd2 Nxd2 9. Qxd2 c5 10. d5 d6 11. h4 h5 12. Ng5 Nd7 13. f4 Nf6 $16 (13... Bc8 $14) 14. f5 Bc8 15. fxg6 fxg6 16. Ne6 Bxe6 17. dxe6 Ng4 18. Nd5 Bd4+ 19. e3 Be5 20. Qc2 Kg7 21. Rxf8 Qxf8 22. Rf1 Nf6 23. Be4 Rb8 24. Bxg6 Kh6 25. Qf5 Rb7 26. Nxf6 Bxf6 27. Qxh5+ 1-0

[Event "FRA-chTW Top 12 2019"]
[Site "Vandoeuvre"]
[Date "2019.05.03"]
[Round "3.1"]
[White "Collas, Silvia"]
[Black "Javakhishvili, Lela"]
[Result "1/2-1/2"]
[ECO "E15"]
[WhiteElo "2279"]
[BlackElo "2459"]
[Annotator "ChessBase"]
[PlyCount "49"]
[EventDate "2019.05.02"]
[EventType "team-tourn"]
[EventCountry "FRA"]
[SourceTitle "playchess.com"]
[Source "ChessBase"]
[SourceQuality "1"]
[TimeControl "40/5400+30:1800+30"]

1. d4 Nf6 2. Nf3 e6 3. c4 b6 4. g3 Ba6 5. Qa4 Bb7 6. Bg2 c5 7. dxc5 bxc5 8. O-O Be7 9. Nc3 O-O 10. Rd1 Qb6 11. Bf4 Nc6 12. Qb5 Na5 13. Qxb6 axb6 14. b3 d5 15. cxd5 exd5 16. e3 h6 17. Rac1 Nc6 18. h4 Nb4 19. a4 Rac8 20. Nb5 Ne4 21. Ne1 Na2 22. Rc2 Nb4 23. Rcc1 Na2 24. Rc2 Nb4 25. Rcc1 1/2-1/2

[Event "FRA-chTW Top 12 2019"]
[Site "Vandoeuvre"]
[Date "2019.05.03"]
[Round "3.3"]
[White "Leconte, Maria"]
[Black "Franc, Nathalie"]
[Result "1-0"]
[ECO "C30"]
[WhiteElo "2246"]
[BlackElo "2004"]
[Annotator "NA"]
[PlyCount "51"]
[EventDate "2019.05.02"]
[EventType "team-tourn"]
[EventCountry "FRA"]
[SourceTitle "playchess.com"]
[Source "ChessBase"]
[SourceQuality "1"]
[TimeControl "40/5400+30:1800+30"]

1. e4 d6 2. Nc3 Nf6 3. f4 e5 4. Nf3 Nbd7 5. Bc4 h6 6. d3 Be7 7. a4 c6 8. O-O Qc7 9. a5 Nf8 10. f5 d5 11. Bb3 dxe4 12. dxe4 Bb4 13. Qe2 Bxa5 14. Rxa5 Qxa5 15. Qc4 Ne6 16. fxe6 Bxe6 17. Qe2 Bxb3 18. cxb3 O-O-O 19. Be3 Rhe8 20. Nd2 Kb8 21. Nc4 Qb4 22. Ra1 a6 23. h3 Nd7 24. Qf2 f6 25. Na5 Nf8 26. Bc5 1-0

[Event "FRA-chTW Top 12 2019"]
[Site "Vandoeuvre"]
[Date "2019.05.03"]
[Round "3.3"]
[White "Nicolas, Gabrielle"]
[Black "Maisuradze, Nino"]
[Result "0-1"]
[ECO "E14"]
[WhiteElo "1733"]
[BlackElo "2179"]
[Annotator "NA"]
[PlyCount "52"]
[EventDate "2019.05.02"]
[EventType "team-tourn"]
[EventCountry "FRA"]
[SourceTitle "playchess.com"]
[Source "ChessBase"]
[SourceQuality "1"]
[TimeControl "40/5400+30:1800+30"]

1. d4 Nf6 2. Nf3 b6 3. c4 e6 4. e3 Bb7 5. Be2 d5 6. O-O Bd6 7. Nbd2 O-O 8. b3 Nbd7 9. Bb2 Qe7 10. Ne5 Rfd8 11. f4 c5 12. Qe1 cxd4 13. Nxd7 Rxd7 14. Bxd4 Bb4 15. Qc1 Rc8 16. a3 Bc5 17. Qb2 dxc4 18. Nxc4 Bxd4 19. exd4 Qd8 20. Rad1 Be4 21. Rd2 Rdc7 22. Bd3 b5 23. Ne3 Rc3 24. Qb1 Qxd4 25. Bxe4 Qxe3+ 26. Rff2 Rc1+ 0-1

[Event "FRA-chTW Top 12 2019"]
[Site "Vandoeuvre"]
[Date "2019.05.03"]
[Round "3.4"]
[White "Bauer, Alexandra"]
[Black "Dornbusch, Tatiana"]
[Result "0-1"]
[ECO "A48"]
[WhiteElo "1349"]
[BlackElo "2285"]
[Annotator "NA"]
[PlyCount "62"]
[EventDate "2019.05.02"]
[EventType "team-tourn"]
[EventCountry "FRA"]
[SourceTitle "playchess.com"]
[Source "ChessBase"]
[SourceQuality "1"]
[TimeControl "40/5400+30:1800+30"]

1. d4 Nf6 2. Bf4 c5 3. e3 g6 4. Nf3 Bg7 5. c3 O-O 6. Be2 d6 7. O-O Nc6 8. Nbd2 cxd4 9. exd4 Be6 10. Re1 Qb6 11. Qc1 Rac8 12. Bc4 Bxc4 13. Nxc4 Qa6 14. Ne3 Nb4 15. Nc2 Nd3 16. Qd2 Nxe1 17. Qxe1 Nd5 18. Bg3 Qb5 19. Qc1 Qd3 20. Qd2 Qxd2 21. Nxd2 b5 22. Ne3 Nb6 23. Rc1 Bxd4 24. Re1 Bg7 25. Nb3 d5 26. Nc2 Rfe8 27. f4 Nc4 28. Ncd4 Nxb2 29. Nxb5 a6 30. N5d4 Rxc3 31. Re2 Nd3 0-1

[Event "FRA-chTW Top 12 2019"]
[Site "Vandoeuvre"]
[Date "2019.05.03"]
[Round "3.6"]
[White "Skripchenko, Almira"]
[Black "Le Du, Maelle"]
[Result "1-0"]
[ECO "C50"]
[WhiteElo "2406"]
[BlackElo "1673"]
[Annotator "NA"]
[PlyCount "99"]
[EventDate "2019.05.02"]
[EventType "team-tourn"]
[EventCountry "FRA"]
[SourceTitle "playchess.com"]
[Source "ChessBase"]
[SourceQuality "1"]
[TimeControl "40/5400+30:1800+30"]

1. e4 e5 2. Nf3 Nc6 3. Bc4 Nf6 4. d3 h6 5. Nc3 Bc5 6. h3 d6 7. a3 Be6 8. Bxe6 fxe6 9. Na4 Bb6 10. Nxb6 axb6 11. c3 Qd7 12. Qe2 Qf7 13. Bd2 Nd7 14. d4 exd4 15. cxd4 O-O 16. O-O Qg6 17. Rfe1 Rf7 18. Kh2 Raf8 19. Bc3 e5 20. dxe5 Ndxe5 21. Nxe5 Nxe5 22. Bxe5 dxe5 23. f3 Rd8 24. Rad1 Rfd7 25. Rxd7 Rxd7 26. Rd1 Qc6 27. Rxd7 Qxd7 28. Qc4+ Kh7 29. Qc3 Qd6 30. h4 Qc5 31. Qb3 Qd6 32. Kh3 Qd7+ 33. Kg3 Kg6 34. Qg8 Qe7 35. Qc8 Qf6 36. Kh3 Qf4 37. Qxc7 Qf6 38. Qd7 Qf4 39. Qe6+ Qf6 40. Qxf6+ Kxf6 41. Kg3 b5 42. f4 exf4+ 43. Kxf4 b6 44. e5+ Ke6 45. h5 Kd5 46. Kf5 Kc4 47. e6 Kb3 48. e7 Kxb2 49. e8=Q Kxa3 50. Qxb5 1-0

[Event "FRA-chTW Top 12 2019"]
[Site "Vandoeuvre"]
[Date "2019.05.03"]
[Round "3.6"]
[White "Thomas, Anysia"]
[Black "L'Ami, Alina"]
[Result "0-1"]
[ECO "E90"]
[WhiteElo "2178"]
[BlackElo "2286"]
[Annotator "NA"]
[PlyCount "64"]
[EventDate "2019.05.02"]
[EventType "team-tourn"]
[EventCountry "FRA"]
[SourceTitle "playchess.com"]
[Source "ChessBase"]
[SourceQuality "1"]
[TimeControl "40/5400+30:1800+30"]

1. d4 Nf6 2. c4 g6 3. Nc3 Bg7 4. e4 d6 5. h3 O-O 6. Nf3 e5 7. d5 c6 8. Be3 cxd5 9. cxd5 Nh5 10. g3 a6 11. a4 Qe8 12. Be2 f5 13. exf5 gxf5 14. Nd2 Nf6 15. Nc4 Nbd7 16. Nxd6 Qg6 17. Qc2 Ne8 18. Nxe8 Qxe8 19. Qd2 f4 20. gxf4 exf4 21. Bxf4 Nc5 22. Qe3 Qg6 23. Qxc5 Rxf4 24. Qc7 Bh6 25. d6 Qg2 26. Rf1 Bxh3 27. Bc4+ Kh8 28. Bd3 Re8+ 29. Kd1 Bf5 30. d7 Qxf1+ 31. Bxf1 Rd4+ 32. Bd3 Rxd3+ 0-1

[Event "FRA-chTW Top 12 2019"]
[Site "Vandoeuvre"]
[Date "2019.05.03"]
[Round "3.7"]
[White "Afraoui, Anaelle"]
[Black "Steil-Antoni, Fiona"]
[Result "1-0"]
[ECO "B15"]
[WhiteElo "2068"]
[BlackElo "2156"]
[Annotator "NA"]
[PlyCount "99"]
[EventDate "2019.05.02"]
[EventType "team-tourn"]
[EventCountry "FRA"]
[SourceTitle "playchess.com"]
[Source "ChessBase"]
[SourceQuality "1"]
[TimeControl "40/5400+30:1800+30"]

1. e4 c6 2. d4 d5 3. Nc3 dxe4 4. Nxe4 Nf6 5. Nxf6+ exf6 6. Bc4 Bd6 7. Qe2+ Qe7 8. Qxe7+ Kxe7 9. Ne2 Be6 10. Bd3 Nd7 11. Ng3 c5 12. d5 Bxd5 13. Nf5+ Ke6 14. Nxg7+ Ke7 15. Nf5+ Ke6 16. Ne3 Nb6 17. Bf5+ Ke7 18. Nxd5+ Nxd5 19. O-O Nf4 20. Re1+ Ne6 21. Be4 Rab8 22. Bh6 Rhg8 23. Rad1 b5 24. Bc1 Rbd8 25. g3 h5 26. h4 Be5 27. c3 Rxd1 28. Rxd1 b4 29. cxb4 cxb4 30. Be3 Bxb2 31. Bxa7 Kf8 32. Rd5 Be5 33. Rb5 Kg7 34. Rxb4 Rd8 35. Bf3 Kg6 36. Be3 Rc8 37. a4 Rc3 38. Kg2 Ra3 39. Bb6 f5 40. a5 f4 41. Rb5 f6 42. Be4+ Kh6 43. Bd5 Ng7 44. Rb3 Ra1 45. Bb7 Ne6 46. a6 Nd4 47. Rb4 Nc2 48. Re4 fxg3 49. a7 gxf2 50. Kxf2 1-0

[Event "FRA-chTW Top 12 2019"]
[Site "Vandoeuvre"]
[Date "2019.05.03"]
[Round "3.7"]
[White "Hamelin, Isabelle"]
[Black "Moingt, Anne"]
[Result "0-1"]
[ECO "A29"]
[WhiteElo "1609"]
[BlackElo "2042"]
[Annotator "NA"]
[PlyCount "102"]
[EventDate "2019.05.02"]
[EventType "team-tourn"]
[EventCountry "FRA"]
[SourceTitle "playchess.com"]
[Source "ChessBase"]
[SourceQuality "1"]
[TimeControl "40/5400+30:1800+30"]

1. c4 e5 2. Nc3 Nf6 3. g3 d5 4. cxd5 Nxd5 5. Bg2 Nb6 6. Nf3 Nc6 7. O-O Be7 8. d3 O-O 9. a3 Re8 10. b4 a5 11. b5 Nd4 12. Bb2 Bf8 13. Re1 a4 14. Nxd4 exd4 15. Ne4 Ra5 16. Rc1 Rxb5 17. Qc2 c6 18. Nd2 Be6 19. Nc4 Rc5 20. Qd1 Nxc4 21. dxc4 Rxc4 22. Rxc4 Bxc4 23. Qxa4 b5 24. Qd1 c5 25. Bf3 Qa5 26. Kg2 Qa4 27. Qxa4 bxa4 28. Bc6 Rb8 29. Bc1 Bb3 30. e4 c4 31. e5 c3 32. Be4 Bc5 33. Bd3 Bd5+ 34. Kh3 Kf8 35. f4 Ba2 36. e6 Bxe6+ 37. f5 Ba2 38. f6 Rb6 39. Re5 Bd6 40. fxg7+ Kxg7 41. Rh5 Bb1 42. Rg5+ Kf6 43. Rf5+ Ke6 44. Rf3 Bxd3 45. Rxd3 Rb1 46. Bg5 f6 47. Bh6 Kd5 48. Rf3 Be5 49. Bf8 Ke4 50. Rf2 d3 51. Bc5 c2 0-1

[Event "FRA-chTW Top 12 2019"]
[Site "Vandoeuvre"]
[Date "2019.05.03"]
[Round "3.8"]
[White "Choisy, Mathilde"]
[Black "Bonvalot, Isabelle"]
[Result "1-0"]
[ECO "B15"]
[WhiteElo "2113"]
[BlackElo "1936"]
[Annotator "NA"]
[PlyCount "69"]
[EventDate "2019.05.02"]
[EventType "team-tourn"]
[EventCountry "FRA"]
[SourceTitle "playchess.com"]
[Source "ChessBase"]
[SourceQuality "1"]
[TimeControl "40/5400+30:1800+30"]

1. e4 g6 2. d4 Bg7 3. Nc3 c6 4. Nf3 d5 5. h3 f6 6. Bd3 Nh6 7. O-O Nf7 8. Re1 O-O 9. Bf1 h6 10. Nh4 Kh7 11. exd5 cxd5 12. Bd3 f5 13. Nf3 Nc6 14. Ne2 e5 15. dxe5 Nfxe5 16. Nf4 Nxd3 17. Nxd3 b6 18. Bf4 g5 19. Nfe5 Ne7 20. Bd2 a5 21. Qh5 Kg8 22. h4 Qd6 23. hxg5 hxg5 24. Bxg5 Ra7 25. Bf4 Qf6 26. Re3 d4 27. Rh3 Rd8 28. Re1 Ba6 29. Bg5 Qe6 30. Qh7+ Kf8 31. Bxe7+ Rxe7 32. Ng6+ Kf7 33. Rxe6 Rxe6 34. Nge5+ Kf8 35. Qxf5+ 1-0

[Event "FRA-chTW Top 12 2019"]
[Site "Vandoeuvre"]
[Date "2019.05.03"]
[Round "3.8"]
[White "Neuhauser, Salome"]
[Black "Saliou, Sarah"]
[Result "*"]
[ECO "B15"]
[WhiteElo "2073"]
[BlackElo "1696"]
[Annotator "NA"]
[PlyCount "26"]
[EventDate "2019.05.02"]
[EventType "team-tourn"]
[EventCountry "FRA"]
[SourceTitle "playchess.com"]
[Source "ChessBase"]
[SourceQuality "1"]
[TimeControl "40/5400+30:1800+30"]

1. e4 g6 2. d4 Bg7 3. Nc3 c6 4. Nf3 d5 5. h3 f6 6. Bd3 Nh6 7. O-O Nf7 8. Re1 O-O 9. Bf1 h6 10. Nh4 Kh7 11. exd5 cxd5 12. Bd3 f5 13. Nf3 Nc6 *